 Dungeon Crawl Stone Soup version 0.20-a0-1016-g241539b (webtiles) character file.

2567 FastMan the Cleaver (level 9, -10/84 HPs)
             Began as a Minotaur Berserker on Apr 16, 2017.
             Was a Priest of Trog.
             Killed by the air
             ... invoked by Gastronok
              (15 damage)
             ... on level 8 of the Dungeon.
             The game lasted 00:03:09 (4528 turns).

FastMan the Cleaver (Minotaur Berserker)            Turns: 4528, Time: 00:03:10

Health: -10/84     AC: 10    Str: 21    XL:     9   Next: 31%
Magic:  8/8        EV:  8    Int:  4    God:    Trog [***...]
Gold:   259        SH:  0    Dex: 14    Spells: 8/8 levels left

rFire    + . .     SeeInvis .   x - +0 war axe
rCold    + . .     Gourm    +   (no shield)
rNeg     . . .     Faith    .   v - +1 chain mail
rPois    .         Spirit   .   (helmet restricted)
rElec    .         Reflect  .   h - scarf {rC+ rF+}
rCorr    .         Harm     .   y - +0 pair of gloves
MR       .....                  (no boots)
Stlth    ..........             e - amulet of the gourmand
Regen    0.3/turn               (no ring)
MPRegen  0.2/turn               (no ring)

@: slowed, very slow
A: retaliatory headbutt, horns 2
a: Berserk, Trog's Hand, Burn Spellbooks, Renounce Religion


You were on level 8 of the Dungeon.
You worshipped Trog.
Trog was most pleased with you.
You were very full.

You visited 1 branch of the dungeon, and saw 8 of its levels.

You collected 259 gold pieces.

Inventory:

Hand Weapons
 a - a +0 hand axe
 x - a +0 war axe (weapon)
Armour
 h - a scarf of resistance (worn)
 v - a +1 chain mail (worn)
 y - a +0 pair of gloves (worn)
Jewellery
 e - an amulet of the gourmand (around neck)
 p - an uncursed ring of magical power {unknown}
 A - an uncursed ring of protection from magic {unknown}
Scrolls
 b - a scroll of immolation {unknown}
 g - 5 scrolls of remove curse {@r2}
 i - a scroll of enchant armour
 j - 2 scrolls of identify {@r1}
 l - a scroll of teleportation {@r3}
 m - a scroll of fog {unknown}
 w - a scroll of magic mapping {unknown}
 B - a scroll of enchant weapon {unknown}
Potions
 d - a potion of might {@q4}
 f - a potion of resistance {unknown}
 k - 2 potions of haste {@q3}
 o - 2 potions of agility {unknown}
 r - 2 potions of mutation {unknown}
 s - a potion of heal wounds {unknown}
 t - a potion of curing {unknown}
 z - 3 potions of berserk rage {unknown}
 C - a potion of degeneration {unknown}
Comestibles
 c - 2 bread rations {@e1}
 n - 11 fruits {@e4}
 q - 3 meat rations {@e2}
 u - a royal jelly {@e3}


   Skills:
 + Level 9.5 Fighting
 * Level 12.5 Axes
 - Level 2.4 Armour
 - Level 2.1 Dodging


You had 8 spell levels left.
You didn't know any spells.

Dungeon Overview and Level Annotations

Branches:
Dungeon (8/15)
 Temple: D:4-7         Lair: D:8-11

Altars:
Ashenzari
Fedhas
Gozag
Kikubaaqudgha
Nemelex Xobeh
Okawaru
Qazlal
Sif Muna
Vehumet
Wu Jian
Zin

Shops:
D:4 *

Annotations:
D:8 Gastronok


Innate Abilities, Weirdness & Mutations

You reflexively headbutt those who attack you in melee.
You have a pair of horns on your head.


Message History

The centaur shoots an arrow.
The arrow hits you.
Gastronok chants a spell, wobbling all the while.
Gastronok puts on a burst of speed!
You see here 2 arrows.
Your skin stops crawling.
You feel less resistant to hostile enchantments.
The centaur shoots an arrow.
The arrow hits you!
* * * LOW HITPOINT WARNING * * *
The centaur shoots an arrow.
The arrow hits you but does no damage.
You see here 2 arrows.
The centaur shoots an arrow.
The arrow hits you!
* * * LOW HITPOINT WARNING * * *
The centaur shoots an arrow.
The arrow closely misses you.
You see here an arrow.
The centaur shoots an arrow.
The arrow hits you!
* * * LOW HITPOINT WARNING * * *
The centaur shoots an arrow.
The arrow completely misses you.
Gastronok waves his eye-stalks in wide circles.
The air twists around and strikes you!
You die...

#.........# #.......#.....#
#.........# #.⌠.⌠...#.....#
..........# #.._....#.....#
..........# ##⌠.⌠...#.....#
..........# ##.....#.....#
...w......# ##....#..)..#
..#(####### #....#..)..#
..#.############..).#.....#
..#......wc†.(((@([.'.....#
..###################.....#
### #.......<#>....#
#.########.#####
#..........# ############


You could see Gastronok and a centaur.

Vanquished Creatures
  A two-headed ogre (D:7)
  A hungry ghost (D:7)
  A sky beast (D:5)
  An orc warrior (D:8)
  An ice beast (D:5)
  3 ogres
  A black bear (D:7)
  A bullfrog (D:6)
  A wyvern zombie (D:6)
  3 scorpions
  4 wights (D:6)
  3 crimson imps
  3 hounds
  5 orc priests
  An orc wizard (D:7)
  3 bullfrog skeletons
  3 centaur skeletons
  2 worker ants
  Ijyb (D:3)
  A hound skeleton (D:7)
  A howler monkey zombie (D:6)
  5 adders
  2 shadow imps
  3 worms (D:2)
  2 dart slugs (D:2)
  3 leopard geckos
  8 orcs
  A ball python (D:4)
  3 giant cockroaches
  6 goblins
  2 hobgoblins (D:1)
  2 quokkas (D:5)
  3 bats (D:2)
  4 frilled lizards
  5 kobolds
  A leopard gecko skeleton (D:8)
  4 rats
95 creatures vanquished.

Vanquished Creatures (others)
  A leopard gecko (D:3)
1 creature vanquished.

Grand Total: 96 creatures vanquished

Notes
Turn   | Place    | Note
-------+----------+-------------------------------------------
     0 | D:1      | FastMan the Minotaur Berserker began the quest for the Orb.
     0 | D:1      | Reached XP level 1. HP: 19/19 MP: 0/0
   373 | D:2      | Reached skill level 4 in Axes
   395 | D:2      | Reached XP level 2. HP: 27/27 MP: 1/1
   516 | D:2      | Found an ornate altar of the Wu Jian Council.
   687 | D:2      | Reached XP level 3. HP: 33/33 MP: 2/2
   898 | D:3      | Reached skill level 5 in Axes
   934 | D:3      | Noticed Ijyb
   952 | D:3      | Killed Ijyb
   952 | D:3      | Reached XP level 4. HP: 30/41 MP: 3/3
  1065 | D:3      | Found a radiant altar of Vehumet.
  1073 | D:4      | Found Zin's Purification Station.
  1073 | D:4      | Found a glowing silver altar of Zin.
  1093 | D:4      | Reached ** piety under Trog
  1175 | D:4      | Reached skill level 6 in Axes
  1175 | D:4      | Reached XP level 5. HP: 40/47 MP: 4/4
  1422 | D:4      | Reached skill level 5 in Fighting
  1582 | D:4      | Reached skill level 7 in Axes
  1602 | D:5      | Entered Level 5 of the Dungeon
  1602 | D:5      | Noticed an ice beast
  1607 | D:5      | Killed an ice beast
  1607 | D:5      | Reached XP level 6. HP: 46/56 MP: 5/5
  1761 | D:5      | Noticed a sky beast
  1771 | D:5      | Killed a sky beast
  1899 | D:5      | Reached skill level 8 in Axes
  1899 | D:5      | Reached XP level 7. HP: 41/63 MP: 6/6
  2083 | D:5      | Found an ancient bone altar of Kikubaaqudgha.
  2099 | D:5      | Found a stormy altar of Qazlal.
  2102 | D:5      | Found a deep blue altar of Sif Muna.
  2116 | D:5      | Found a blossoming altar of Fedhas.
  2404 | D:6      | Reached skill level 9 in Axes
  2497 | D:6      | Reached XP level 8. HP: 26/73 MP: 7/7
  3131 | D:6      | Reached skill level 10 in Axes
  3302 | D:6      | Found an opulent altar of Gozag.
  3375 | D:7      | Noticed a two-headed ogre
  3617 | D:7      | Reached *** piety under Trog
  3634 | D:7      | Found a shattered altar of Ashenzari.
  3665 | D:7      | Reached skill level 11 in Axes
  3849 | D:7      | Killed a two-headed ogre
  3849 | D:7      | Reached skill level 12 in Axes
  3849 | D:7      | Reached XP level 9. HP: 45/83 MP: 8/8
  4179 | D:7      | Found an iron altar of Okawaru.
  4277 | D:8      | Found a sparkling altar of Nemelex Xobeh.
  4500 | D:8      | Noticed Gastronok
  4528 | D:8      | Killed from afar by Gastronok

Vault maps used:
D:1:      erik_arrival_cave_to_civilisation
D:2:      old_standard_altar, serial_bayou_pond_a, kennysheep_generic_room_12
D:3:      fiery_altar_vehumet, uniq_iyjb
D:4:      zin_purify, kennysheep_generic_room_11
D:5:      grunt_temple_overflow_cloverleaf, kennysheep_mini_moat,
          temple_fountains, first_bread, st_stairs_7
D:6:      overflow_temple_1_default, uniq_eustachio
D:7:      okawaru_metal_pillars_3, eat_drink_and_be_merry_uskayaw,
          evilmike_ruin_ashenzari
D:8:      nemelex_xobeh_ov_fountains_minmay, grunt_lair_entry_orc_guard_hut,
          uniq_gastronok

Skill      XL: |  1  2  3  4  5  6  7  8 |
---------------+-------------------------+-----
Axes           | 4 5 6 7 8 9 12 | 12.5
Fighting       | 4 5 6 7 9 |  9.5
Armour         | |  2.4
Dodging        | |  2.1

Action                   |  1- 3 |  4- 6 |  7- 9 || total
-------------------------+-------+-------+-------++-------
Melee: Hand axe          |    65 |    64 |    17 ||   146
       Headbutt          |    15 |     7 |    27 ||    49
       Unarmed           |    10 |       |       ||    10
       War axe           |       |       |   115 ||   115
Invok: Berserk           |     1 |     3 |     8 ||    12
       Trog's Hand       |       |       |     1 ||     1
  Use: Scroll            |       |     9 |       ||     9
  Eat: Chunk             |       |     8 |    25 ||    33
Armor: Animal skin       |    11 |       |       ||    11
       Chain mail        |       |    25 |    79 ||   104
Dodge: Dodged            |    46 |    18 |    63 ||   127
